 Dungeon Crawl Stone Soup version 0.29-a0-1009-g60c99734e7 (webtiles) character file.

Game seed: 4788774541863020336

117 componib the Shooter (level 4, -1/38 HPs)
             Began as a Minotaur Hunter on Aug 8, 2022.
             Was an Initiate of Hepliaklqana.
             Slain by an orc wizard
             ... wielding a +0 dagger
              (2 damage)
             ... on level 3 of the Dungeon.
             The game lasted 00:06:03 (1731 turns).

componib the Shooter (Minotaur Hunter)              Turns: 1731, Time: 00:06:03

Health: -1/38      AC:  3    Str: 15    XL:     4   Next: 71%
Magic:  3/3        EV: 12    Int:  6    God:    Hepliaklqana [......]
Gold:   103        SH:  0    Dex: 16    Spells: 2/3 levels left

rFire   . . .      SeeInvis .   a - +0 shortbow
rCold   . . .      Faith    .   (shield currently unavailable)
rNeg    . . .      Spirit   .   c - +0 leather armour
rPois   .          Reflect  .   (helmet restricted)
rElec   .          Harm     .   (no cloak)
rCorr   .          Rampage  .   (no gloves)
Will    .....                   (no boots)
Stlth   ++........              (no amulet)
HPRegen 0.12/turn               (no ring)
MPRegen 0.08/turn               (no ring)

@: no status effects
A: horns 2, retaliatory headbutt
a: Renounce Religion


You were on level 3 of the Dungeon.
You worshipped Hepliaklqana.
Hepliaklqana was noncommittal.
You visited 1 branch of the dungeon, and saw 3 of its levels.

You collected 103 gold pieces.

Inventory:

Hand Weapons
 a - a +0 shortbow (weapon)
 j - a +0 hand axe
Armour
 c - a +0 leather armour (worn)
 k - a +0 leather armour
Jewellery
 g - an amulet of guardian spirit
Scrolls
 b - a scroll of immolation
 d - a scroll of identify {unknown}
 e - a scroll of enchant armour {unknown}
 f - a scroll of teleportation {unknown}
 h - a scroll of amnesia
 i - 2 scrolls of enchant weapon {unknown}


   Skills:
 + Level 3.2 Fighting
 + Level 6.1 Ranged Weapons
 + Level 1.3 Armour
 + Level 2.4 Dodging
 + Level 1.0 Stealth


You had 2 spell levels left.
You knew the following spells:

 Your Spells              Type           Power      Damage    Failure   Level
a - Shock                 Conj/Air       0%         1d3       52%         1

Your spell library contained the following spells:

 Spells                   Type           Power      Damage    Failure   Level
 Swiftness                Air            0%         N/A       88%         3
 Airstrike                Air            0%         2d(0-16)  99%         4


Dungeon Overview and Level Annotations

Branches:
Dungeon (3/15)

Altars:
Hepliaklqana


Innate Abilities, Weirdness & Mutations

You have a pair of horns on your head.
You reflexively headbutt those who attack you in melee.


Message History

Look: an orc, wielding a +0 whip and wearing a +0 ring mail (heavily wounded)
You shoot an arrow. Something hits you. x2
You bump into the rock wall.
Something hits you.
You're too confused to move!
You feel less confused.
You hear some strange, mumbled words.
A puff of flame appears from out of thin air!
The puff of flame hits you. Something hits you.
A magic dart appears from out of thin air!
The magic dart hits you.
* * * LOW HITPOINT WARNING * * *
A puff of flame appears from out of thin air!
The puff of flame hits you.
* * * LOW HITPOINT WARNING * * *
You start resting.
An orc is nearby!
You start resting.
An orc is nearby!
You start resting.
An orc is nearby!
Fire: a) +0 shortbow
Press: ? - help, Q - select action, (/) - cycle Shift-Dir - straight line, f/p - orc
Aim: an orc, wielding a +0 whip and wearing a +0 ring mail (moderately wounded, 68% to hit)
You shoot an arrow.
The arrow hits the orc but does no damage.
The orc is moderately wounded.
Fire: a) +0 shortbow
Press: ? - help, Q - select action, (/) - cycle Shift-Dir - straight line, f/p - orc
Aim: an orc, wielding a +0 whip and wearing a +0 ring mail (moderately wounded, 68% to hit)
You shoot an arrow. The arrow hits the orc!
You kill the orc!
Something hits you.
* * * LOW HITPOINT WARNING * * *
Fire: a) +0 shortbow
Press: ? - help, Q - select action, (/) - cycle Shift-Dir - straight line, f - you
Okay, then.
Something hits you.
You die...

.)... #..#
#†# #)# #.#
#)## #..##
##{..####
#.@.....+
##....###
##.#.# ###.#
#.# #.# #+#
#.# #.#
#.#######.###
#.##........#


There were no monsters in sight!

Vanquished Creatures
  Terence (D:2)
  4 adders (D:2)
  A worm (D:2)
  3 dart slugs (D:1)
  4 orcs (D:3)
  2 endoplasms (D:2)
  3 goblins
  4 hobgoblins
  3 jackals (D:2)
  2 quokkas (D:2)
  3 ball pythons
  5 bats
  5 kobolds
  3 rats
43 creatures vanquished.

Notes
Turn   | Place    | Note
-------+----------+-------------------------------------------
     0 | D:1      | componib the Minotaur Hunter began the quest for the Orb.
     0 | D:1      | Reached XP level 1. HP: 18/18 MP: 0/0
   352 | D:1      | Reached XP level 2. HP: 25/25 MP: 1/1
   426 | D:1      | Reached skill level 5 in Ranged Weapons
   697 | D:2      | Reached XP level 3. HP: 24/30 MP: 2/2
   833 | D:2      | Learned a level 1 spell: Shock
   869 | D:2      | Reached skill level 1 in Armour
  1201 | D:2      | Found a hazy altar of Hepliaklqana.
  1242 | D:2      | Reached XP level 4. HP: 36/38 MP: 3/3
  1278 | D:2      | Noticed Terence
  1290 | D:2      | Killed Terence
  1291 | D:2      | Reached skill level 1 in Stealth
  1481 | D:2      | Became a worshipper of Hepliaklqana the Forgotten
  1570 | D:2      | Reached skill level 6 in Ranged Weapons
  1727 | D:3      | HP: 1/38 [something/puff of flame (5)]
  1731 | D:3      | Slain by an orc wizard

Illustrated notes

Levels and vault maps discovered:
D:1:      kilobyte_arrival_exit_the_forest, layout_loops_corners
D:2:      layout_loops_ring, basic_altar, uniq_terence
D:3:      layout_loops_corners, makhleb_altar_promises_db,
          mainiacjoe_overflow_24_doors, minmay_quantized

Skill      XL: |  1  2  3  4 |
---------------+-------------+-----
Ranged Weapons | 5 6 |  6.1
Armour         | 1 |  1.3
Fighting       | 3 |  3.2
Stealth        | 1 |  1.0
Dodging        | |  2.4

Action                   |  1- 3 |  4- 6 || total
-------------------------+-------+-------++-------
 Fire: Shortbow          |    93 |    42 ||   135
  Use: Potion            |     5 |       ||     5
       Scroll            |     1 |       ||     1
Armor: Leather armour    |     7 |     5 ||    12
Dodge: Dodged            |    23 |     8 ||    31

Table legend: (Time is in decaauts)
 A = Elapsed time spent in this place.
 B = Non-inter-level travel time spent in this place.
 C = Inter-level travel time spent in this place.
 D = Time resting spent in this place.
 E = Time spent auto-exploring this place.
 F = Levels seen in this place.
 G = Mean time per level.
                   A        B        C        D        E       F      G
               +--------+--------+--------+--------+--------+-----+--------+
         Total |   1751 |   1751 |      0 |      0 |   1345 |   3 |  583.7 |
       Dungeon |   1751 |   1751 |      0 |      0 |   1345 |   3 |  583.7 |
               +--------+--------+--------+--------+--------+-----+--------+

Top non-repeatable levels by time:
     D:2: 1024 daAuts
     D:1: 648 daAuts
     D:3: 79 daAuts
